 Dungeon Crawl Stone Soup version 0.25.0-10-g039870ee82 (webtiles) character file.

Game seed: 17828600432422672338

(classic levelgen) 66906 EnegeticOcto the Champion of Chaos (level 14, 0/139 HPs)
             Began as a Deep Dwarf Fighter on June 23, 2020.
             Was the Champion of Makhleb.
             Killed from afar by Roxanne (12 damage)
             ... with a bolt of magma
             ... on level 4 of the Shoals.
             The game lasted 00:14:08 (16997 turns).

EnegeticOcto the Champion of Chaos (DDFi)          Turns: 16997, Time: 00:14:09

Health: 0/139      AC: 23    Str: 23    XL:     14   Next: 81%
Magic:  0/0        EV:  7    Int: 11    God:    Makhleb [******]
Gold:   855        SH: 23    Dex: 12    Spells: 13/13 levels left

rFire    . . .     SeeInvis +   N - +3 war axe (vorpal)
rCold    . . .     Gourm    .   i - +0 tower shield
rNeg     + . .     Faith    .   t - +0 plate armour
rPois    .         Spirit   .   u - +0 helmet
rElec    .         Reflect  +   p - scarf {repulsion}
rCorr    .         Harm     .   r - +2 pair of gloves
MR       ++...                  (no boots)
Stlth    ..........             y - amulet of reflection
HPRegen  0.00/turn              f - ring of see invisible
MPRegen  0.07/turn              F - +4 ring of protection

@: mesmerised, non-regenerating, repel missiles
A: damage resistance, heal wounds, hooves 1, negative energy resistance 1, sense
surroundings 2, wild magic 1, no regeneration
a: Heal Wounds, Minor Destruction, Lesser Servant of Makhleb, Major Destruction,
Greater Servant of Makhleb, Renounce Religion


You were on level 4 of the Shoals.
You worshipped Makhleb.
Makhleb was exalted by your worship.
You were not hungry.

You visited 5 branches of the dungeon, and saw 24 of its levels.

You collected 2106 gold pieces.
You spent 1251 gold pieces at shops.

Inventory:

Hand Weapons
 K - a +4 war axe
 N - a +3 vorpal war axe (weapon)
Missiles
 x - a throwing net (quivered)
Armour
 i - a +0 tower shield (worn)
 p - a scarf of repulsion (worn)
 r - a +2 pair of gloves (worn)
 t - a +0 plate armour (worn)
 u - a +0 helmet (worn)
Jewellery
 f - a ring of see invisible (left hand)
 y - an amulet of reflection (around neck)
 D - a cursed -4 ring of evasion {unknown}
 F - a +4 ring of protection (right hand)
Wands
 d - a wand of polymorph (14)
 v - a wand of acid (10) {@v1}
 A - a wand of paralysis (8)
 B - a wand of disintegration (9)
 G - a wand of iceblast (10) {@v2}
Scrolls
 a - a scroll of fog
 c - a scroll of fear
 l - 10 scrolls of remove curse {@r2}
 m - 2 scrolls of teleportation {@r3}
 q - 3 scrolls of immolation {@r7}
 z - 6 scrolls of magic mapping {@r5}
 E - a scroll of blinking {@r4}
 J - a scroll of enchant armour
Potions
 b - 3 potions of curing {@q1}
 g - 3 potions of haste {@q4}
 h - a potion of ambrosia
 j - a potion of stabbing {@q5}
 k - 2 potions of might {@q3}
 n - 4 potions of lignification {@q7}
 o - a potion of berserk rage
 s - 2 potions of invisibility
 C - 3 potions of heal wounds {@q2}
 H - a potion of magic {unknown}
 M - a potion of mutation
Comestibles
 e - 36 rations
 w - 8 chunks of flesh


   Skills:
 * Level 12.4 Fighting
 * Level 14.3 Axes
 + Level 10.8 Armour
 - Level 5.5 Dodging
 + Level 10.8 Shields
 * Level 15.4 Invocations


You had 13 spell levels left.
You didn't know any spells.
Your spell library contained the following spells:

 Spells                   Type           Power        Failure   Level  Hunger
 Animate Skeleton         Necr           N/A          100%        1    ##.....
 Apportation              Tloc           #.....       100%        1    ##.....
 Corona                   Hex            #......      100%        1    ##.....
 Pain                     Necr           #...         100%        1    ##.....
 Summon Small Mammal      Summ           #...         100%        1    ##.....
 Passwall                 Tmut/Erth      #.......     100%        2    ###....
 Swiftness                Chrm/Air       #.......     100%        2    ###....
 Ignite Poison            Fire/Tmut/Pois #.......     100%        3    ####...
 Vampiric Draining        Necr           #.........   100%        3    ####...
 Animate Dead             Necr           N/A          100%        4    #####..
 Passage of Golubria      Tloc           N/A          100%        4    #####..
 Agony                    Necr           #.......     100%        5    ######.
 Fireball                 Conj/Fire      #.........   100%        5    ######.
 Lee's Rapid Deconstruct  Erth           #.........   100%        5    ######.
 Darkness                 Hex            #.........   100%        6    #######
 Invisibility             Hex            #.......     100%        6    #######
 Starburst                Conj/Fire      #.........   100%        6    #######
 Ring of Flames           Chrm/Fire      #.........   100%        7    #######
 Ignition                 Fire           #.........   100%        8    #######


Dungeon Overview and Level Annotations

Branches:
Dungeon (13/15)            Temple (1/1) D:4            Lair (4/6) D:9
 Shoals (4/4) Lair:4        Snake (0/4) Lair:3          Orc (2/2) D:10
    Elf (0/3) Orc:2
 Vaults: D:13-14

Altars:
Ashenzari
Cheibriados
Dithmenos
Elyvilon
Fedhas
Gozag
Hepliaklqana
Kikubaaqudgha
Makhleb
Nemelex Xobeh
Okawaru
Qazlal
Ru
Sif Muna
Trog
Uskayaw
Vehumet
Wu Jian
Xom
Yredelemnul
Zin
The Shining One
Beogh
Jiyva
Lugonu

Shops:
D:9 *   Orc:1 *   Orc:2 [:[?   Shoals:1 *   Shoals:4 [*

Annotations:
D:2 1 transporter, Menkaure
D:3 3 runed translucent doors, SlimyGoodra's ghost, amateur DrTm
D:8 3 runed translucent doors, protoss039's ghost, novice DEEE
D:9 3 runed translucent doors, IHuginn's ghost, novice DsGl
D:12 2 transporters, EnegeticOcto's ghost, journeyman DDFi
Shoals:4 Roxanne


Innate Abilities, Weirdness & Mutations

You are resistant to damage.
You can heal yourself by infusing magical energy.
You resist negative energy. (rN+)
You passively map the area around you.
You do not regenerate.
You have large cloven feet.
Your spells are a little harder to cast, but a little more powerful.


Message History

You hit Roxanne.
Roxanne is severely damaged.
Some of the chunks of flesh in your inventory have rotted away.
You hit Roxanne but do no damage. You kick Roxanne, but do no damage.
Roxanne is severely damaged.
You slash Roxanne! You kick Roxanne, but do no damage.
Roxanne is severely damaged.
Roxanne mumbles some strange words.
The bolt of magma hits you!!!
* * * LOW HITPOINT WARNING * * *
You are too injured to fight recklessly!
You are too injured to fight recklessly!
You are too injured to fight recklessly!
You are too injured to fight recklessly!
You are too injured to fight recklessly!
You are too injured to fight recklessly!
You are too injured to fight recklessly!
You are too injured to fight recklessly!
You are too injured to fight recklessly!
You are too injured to fight recklessly!
You are too injured to fight recklessly!
You are too injured to fight recklessly!
You are too injured to fight recklessly!
You are too injured to fight recklessly!
You are too injured to fight recklessly!
You are too injured to fight recklessly!
You feel much better.
Your magical essence is drained by the effort!
You feel much better.
Roxanne mumbles some strange words.
The crystal spear hits you!!!
* * * LOW HITPOINT WARNING * * *
You are too injured to fight recklessly!
You are too injured to fight recklessly!
You are too injured to fight recklessly!
You are too injured to fight recklessly!
You are too injured to fight recklessly!
You are too injured to fight recklessly!
You are too injured to fight recklessly!
You don't have enough innate magic capacity.
You don't have enough innate magic capacity.
You don't have enough innate magic capacity.
You don't have enough innate magic capacity.
You hit Roxanne but do no damage. You kick Roxanne, but do no damage.
Roxanne is severely damaged.
You hit Roxanne. You kick Roxanne.
Roxanne is severely damaged.
Roxanne casts a spell.
You blink.
Found a pair of boots.
You enter the shallow water.
Moving in this stuff is going to be slow.
Roxanne prays for a Stone to Flesh spell.
Found Gugeduq's General Store.
You enter the shallow water.
Moving in this stuff is going to be slow.
A merfolk avatar comes into view.
The merfolk avatar shouts!
The merfolk avatar chants a haunting song.
You resist with almost no effort.
The merfolk avatar chants a haunting song.
You are mesmerised by the merfolk avatar!
Roxanne casts a spell.
You blink.
You break out of your daze!
You enter the shallow water.
Moving in this stuff is going to be slow.
Why would you want to do that? Why would you want to do that?
Why would you want to do that? Why would you want to do that?
Why would you want to do that? Why would you want to do that?
Why would you want to do that? Why would you want to do that?
Why would you want to do that? Why would you want to do that?
Why would you want to do that? Why would you want to do that?
Why would you want to do that? Why would you want to do that?
Why would you want to do that? Why would you want to do that?
Why would you want to do that? Why would you want to do that?
Why would you want to do that? Why would you want to do that?
Why would you want to do that? Why would you want to do that?
The merfolk avatar chants a haunting song.
You easily resist.
Roxanne casts a spell.
You blink.
The merfolk avatar chants a haunting song.
You are mesmerised by the merfolk avatar!
The pull of its song draws you forwards.
The merfolk avatar chants its luring song.
Roxanne casts a spell.
The bolt of magma hits you!
You die...

, ≈ ≈..........≈≈≈≈≈≈≈≈≈ ,
≈P≈≈........[.≈≈≈≈≈≈≈≈ ≈
≈≈≈≈≈≈..........≈≈≈≈≈≈≈≈ ,
≈≈≈≈≈≈≈P.......≈≈≈≈≈≈≈≈≈≈≈≈
≈≈≈≈≈≈≈..PP......≈≈≈≈≈≈≈≈≈ ≈
,≈ P≈P≈≈≈≈≈.P≈≈≈≈..≈≈m≈≈≈≈≈≈≈≈
≈ .≈P≈≈≈≈..≈P≈≈≈≈≈≈≈≈≈..≈≈≈≈≈
≈ ≈≈≈≈≈≈....≈≈≈≈≈..≈≈≈..≈≈≈≈≈
, ≈≈≈≈≈≈......@.≈.≈.≈≈≈≈≈≈≈≈≈
.≈≈≈≈≈.(...?8.....≈≈≈≈≈≈≈≈≈≈
≈≈...≈≈.....[...≈.≈≈≈≈≈≈≈≈≈≈≈≈
≈ ≈..≈≈≈.........≈≈≈≈≈≈≈≈≈≈≈≈
≈
≈≈≈≈≈≈≈≈≈......<..≈≈.≈≈≈≈≈≈≈≈
≈≈
≈≈≈..............≈≈≈.≈≈≈≈≈≈≈≈≈
≈
≈≈..............≈≈≈≈≈≈≈≈≈≈≈≈≈
≈≈........≈≈≈≈.≈≈≈≈≈≈≈≈≈≈≈≈≈
≈≈...≈≈..≈≈≈≈..≈≈≈≈≈≈≈≈≈≈≈≈≈ ≈
≈


You could see Roxanne and a merfolk avatar (mesmerising).

Vanquished Creatures
  An orc warlord (Orc:1)
  A stone giant (Orc:2)
  A merfolk impaler (Shoals:4)
  7 hydras
  A merfolk aquamancer (Shoals:3)
  2 merfolk avatars
  Erica (D:11)
  2 two-headed ogres (D:11)
  2 satyrs (Shoals:3)
  8 orc high priests
  Nergalle (Lair:3)
  2 skeletal warriors
  Sonja (Orc:2)
  3 sea snakes
  An unseen horror (D:13)
  A harpy (Shoals:4)
  An orc knight (Orc:1)
  A wolf spider (D:11)
  3 fauns (Shoals:3)
  5 ugly things
  A cyclops (D:13)
  3 orc sorcerers
  6 manticores
  4 centaur zombies
  2 water nymphs
  Maggie (D:10)
  3 spiny frogs
  A torpor snail (Lair:2)
  6 komodo dragons
  2 rime drakes
  A kobold demonologist (D:13)
  5 merfolk
  5 trolls
  Grinder (D:6)
  2 slime creatures (D:12)
  4 snapping turtles
  3 blink frogs (Lair:4)
  2 wind drakes
  2 dream sheep (Lair:3)
  10 hippogriffs
  10 water elementals
  A wraith (D:10)
  27 yaks
  A spriggan (Lair:3)
  5 wyverns
  3 basilisks
  A hungry ghost (D:7)
  A steam dragon (D:11)
  18 wargs
  2 acid dragons (D:11)
  A water moccasin (Lair:3)
  2 sky beasts
  20 orc warriors
  4 porcupines
  3 phantoms
  A black bear (D:11)
  4 ice beasts
  11 ogres
  2 wolves (Orc:1)
  5 centaurs
  7 crocodiles
  8 big kobolds
  Blork the orc (D:4)
  18 bullfrogs
  A water moccasin skeleton (D:9)
  A scorpion (D:9)
  5 killer bees (D:10)
  8 wights (D:11)
  4 howler monkeys
  6 electric eels
  7 crimson imps
  3 bullfrog zombies
  6 hounds
  37 orc priests
  2 centaur skeletons
  3 jellies
  12 orc wizards
  2 bullfrog skeletons
  2 iguanas
  9 worker ants
  A hound zombie (D:4)
  6 hound skeletons
  A mummy (D:7)
  A worker ant zombie (D:7)
  4 gnolls (D:9)
  9 adders
  8 shadow imps
  2 adder skeletons
  2 adder zombies
  A worm (D:2)
  5 leopard geckos
  96 orcs
  2 bats
  3 giant cockroaches
  3 hobgoblins
  5 jackals
  25 kobolds
  4 quokkas
  4 frilled lizards
  7 goblins
  A hobgoblin zombie (D:7)
  A jackal skeleton (D:4)
  A kobold zombie (D:7)
  2 orc zombies (D:7)
  A rat (D:2)
568 creatures vanquished.

Vanquished Creatures (collateral kills)
  Snorg (Orc:2)
  A tengu warrior (D:13)
  A sea snake (Shoals:3)
  A cyclops (D:13)
  An ugly thing (D:12)
  A faun (Shoals:3)
  A deep elf mage (D:12)
  2 merfolk sirens
  A gargoyle (D:11)
  A tengu conjurer (D:13)
  A slime creature (D:12)
  A water elemental (Shoals:3)
  2 yaks (D:11)
  2 wargs
  2 orc warriors (D:12)
  A black bear (D:12)
  An ice beast (D:12)
  A big kobold (D:12)
  A wight (D:11)
  3 orc wizards
  An orc priest (Orc:1)
  An adder (D:12)
  An orc (D:12)
  A kobold (D:12)
30 creatures vanquished.

Vanquished Creatures (others)
  A merfolk impaler (Shoals:3)
  A merfolk aquamancer (Shoals:3)
  An orc priest (Orc:1)
  A shadow imp (D:11)
  3 orcs
  A quokka zombie (D:6)
  10 plants
18 creatures vanquished.

Grand Total: 616 creatures vanquished

Notes
Turn   | Place    | Note
-------+----------+-------------------------------------------
     0 | D:1      | EnegeticOcto the Deep Dwarf Fighter began the quest for the
                  | Orb.
     0 | D:1      | Reached XP level 1. HP: 20/20 MP: 1/1
   452 | D:2      | Reached XP level 2. HP: 17/27 MP: 2/2
   527 | D:2      | Found a transporter.
   530 | D:2      | Found a basalt altar of Yredelemnul.
   532 | D:2      | Noticed Menkaure
   534 | D:2      | Found an ancient bone altar of Kikubaaqudgha.
   617 | D:3      | Found a runed translucent gate.
   617 | D:3      | Found a runed translucent gate.
   619 | D:3      | Found a runed translucent gate.
   714 | D:3      | Noticed SlimyGoodra's ghost (amateur DrTm)
   768 | D:3      | Reached XP level 3. HP: 22/34 MP: 3/3
   812 | D:3      | Found a sacrificial altar of Ru.
   832 | D:3      | Reached skill level 1 in Dodging
  1634 | D:4      | Noticed a phantom
  1668 | D:4      | Killed a phantom
  1668 | D:4      | Reached XP level 4. HP: 43/43 MP: 4/4
  1668 | D:4      | Reached XP level 5. HP: 49/49 MP: 5/5
  1780 | D:4      | Found a blossoming altar of Fedhas.
  1782 | D:4      | Noticed a phantom
  1837 | D:4      | Killed a phantom
  1837 | D:4      | Reached XP level 6. HP: 52/57 MP: 5/5
  2075 | D:4      | Found a staircase to the Ecumenical Temple.
  2088 | Temple   | Entered the Ecumenical Temple
  2150 | D:4      | Noticed Blork the orc
  2159 | D:4      | Killed Blork the orc
  2202 | D:4      | Reached XP level 7. HP: 42/66 MP: 6/6
  2439 | D:5      | Entered Level 5 of the Dungeon
  2493 | D:5      | Reached skill level 5 in Axes
  3354 | D:6      | Found a glowing golden altar of the Shining One.
  3365 | D:6      | Reached skill level 5 in Fighting
  3366 | D:6      | Found a stormy altar of Qazlal.
  3401 | D:6      | Reached skill level 5 in Armour
  3401 | D:6      | Reached skill level 5 in Shields
  3471 | D:6      | Reached XP level 8. HP: 54/74 MP: 6/6
  3484 | D:6      | Found a shimmering altar of Xom.
  3484 | D:6      | Found a shattered altar of Ashenzari.
  3489 | D:6      | Found a white marble altar of Elyvilon.
  3491 | D:6      | Found a burning altar of Makhleb.
  3492 | D:6      | Found a hazy altar of Hepliaklqana.
  3496 | D:6      | Became a worshipper of Makhleb the Destroyer
  3521 | D:6      | Reached skill level 1 in Invocations
  3647 | D:6      | Reached skill level 2 in Invocations
  3720 | D:6      | Found an iron altar of Okawaru.
  3749 | D:6      | Reached skill level 3 in Invocations
  3798 | D:6      | Found a bloodstained altar of Trog.
  3912 | D:6      | Found a sacrificial altar of Ru.
  4056 | D:6      | Noticed Grinder
  4075 | D:6      | Killed Grinder
  4075 | D:6      | Reached skill level 4 in Invocations
  4075 | D:6      | Gained mutation: You passively map the area around you.
                  | [Deep Dwarf growth]
  4075 | D:6      | Reached XP level 9. HP: 47/82 MP: 8/10
  4535 | D:7      | Reached * piety under Makhleb
  4834 | D:7      | Reached skill level 5 in Invocations
  5214 | D:7      | Gained mutation: Your spells are a little harder to cast,
                  | but a little more powerful. [potion of mutation]
  5214 | D:7      | Gained mutation: You have large cloven feet. [potion of
                  | mutation]
  5245 | D:8      | Reached skill level 5 in Dodging
  5309 | D:8      | Found a glowing silver altar of Zin.
  5347 | D:8      | Found a runed translucent gate.
  5347 | D:8      | Found a runed translucent gate.
  5347 | D:8      | Found a runed translucent gate.
  5351 | D:8      | Noticed protoss039's ghost (novice DEEE)
  5357 | D:8      | You fall into a shaft and drop 3 floors!
  5386 | D:11     | Reached skill level 6 in Invocations
  5466 | D:11     | Noticed a skeletal warrior
  5466 | D:11     | Noticed a skeletal warrior
  5467 | D:11     | Noticed a skeletal warrior
  5467 | D:11     | Noticed a skeletal warrior
  5467 | D:11     | Noticed a skeletal warrior
  5483 | D:11     | HP: 3/86 [skeletal warrior/+0 glaive[a skeletal warrior]
                  | (17)]
  5498 | D:10     | Entered Level 10 of the Dungeon
  5513 | D:10     | Found a staircase to the Orcish Mines.
  5520 | D:10     | Reached ** piety under Makhleb
  5565 | D:9      | Reached XP level 10. HP: 65/94 MP: 10/10
  5716 | D:9      | Found a runed translucent gate.
  5718 | D:9      | Found a runed translucent gate.
  5718 | D:9      | Found an opulent altar of Gozag.
  5719 | D:9      | Found a runed translucent gate.
  5720 | D:9      | Found Fywikh's Assorted Antiques.
  5721 | D:9      | Noticed IHuginn's ghost (novice DsGl)
  5808 | D:9      | Reached skill level 7 in Invocations
  5957 | D:8      | Found a glowing golden altar of the Shining One.
  5993 | D:8      | Found a stormy altar of Qazlal.
  6101 | D:8      | Found a burning altar of Makhleb.
  6101 | D:8      | Noticed a green death
  6223 | D:8      | Found a viscous altar of Jiyva.
  6646 | D:9      | Found a radiant altar of Vehumet.
  6730 | D:9      | Found a staircase to the Lair.
  7002 | D:10     | Noticed Maggie
  7004 | D:10     | Noticed a five-headed hydra
  7013 | D:10     | Killed a one-headed hydra
  7013 | D:10     | Reached skill level 8 in Invocations
  7014 | D:10     | Reached *** piety under Makhleb
  7031 | D:10     | Killed Maggie
  7040 | D:10     | Found a shimmering blue altar of Sif Muna.
  7272 | D:10     | Reached skill level 9 in Invocations
  7272 | D:10     | Reached XP level 11. HP: 103/103 MP: 13/13
  7658 | Lair:1   | Entered Level 1 of the Lair of Beasts
  7812 | Lair:1   | Noticed a four-headed hydra
  7818 | Lair:1   | Killed a one-headed hydra
  7890 | Lair:1   | Noticed a five-headed hydra
  7897 | Lair:1   | Killed a one-headed hydra
  7897 | Lair:1   | Reached skill level 10 in Axes
  8697 | Lair:2   | You fall into a shaft and drop 1 floor!
  8763 | Lair:3   | Reached skill level 10 in Invocations
  8766 | Lair:3   | Reached **** piety under Makhleb
  9080 | Lair:3   | Found a staircase to the Snake Pit.
  9337 | Lair:3   | Noticed Nergalle
  9364 | Lair:3   | Killed Nergalle
  9719 | Lair:2   | Reached skill level 11 in Invocations
  9719 | Lair:2   | Reached XP level 12. HP: 105/115 MP: 16/16
 10211 | Lair:2   | You fall into a shaft and drop 1 floor!
 10298 | Lair:2   | Noticed a five-headed hydra
 10307 | Lair:2   | Killed a one-headed hydra
 10429 | Lair:4   | Noticed a four-headed hydra
 10437 | Lair:4   | Killed a one-headed hydra
 10568 | Lair:4   | Noticed an eight-headed hydra
 10587 | Lair:4   | Killed a four-headed hydra
 10593 | Lair:4   | Reached skill level 10 in Fighting
 10728 | Lair:4   | Noticed an eight-headed hydra
 10736 | Lair:4   | Killed a four-headed hydra
 11011 | Lair:4   | Found a staircase to the Shoals.
 11364 | D:10     | You fall into a shaft and drop 3 floors!
 11447 | D:13     | Reached skill level 12 in Invocations
 11781 | D:13     | Noticed a tengu warrior
 11831 | D:13     | Killed a tengu warrior
 12183 | D:12     | Found a transporter.
 12197 | D:12     | Noticed a two-headed ogre
 12198 | D:12     | Identified the +1 halberd of Yesterday {vamp, +Rage rElec
                  | Str+4 Dex-3}
 12198 | D:12     | Noticed a tengu warrior
 12198 | D:12     | Noticed EnegeticOcto's ghost (journeyman DDFi)
 12199 | D:12     | Identified the cursed +2 giant spiked club "Qiankusa"
                  | {vamp, Str+6 Dex-2}
 12199 | D:12     | Identified the +11 giant club "Metiegom" {vorpal, rC+
                  | Dex+4}
 12199 | D:12     | Noticed an ettin
 12233 | D:12     | Found an opulent altar of Gozag.
 12236 | D:12     | Reached XP level 13. HP: 81/124 MP: 7/7
 12336 | D:12     | Reached ***** piety under Makhleb
 12367 | D:12     | Identified the amulet "Egaciclu" {Acrobat Str+2}
 12545 | D:12     | Identified the +5 glaive of Perfectionism {vorpal, *Rage
                  | rElec Dex+3}
 12546 | D:12     | Found a bloodstained altar of Trog.
 12546 | D:12     | Found a transporter.
 12884 | D:11     | Reached skill level 13 in Invocations
 13428 | D:11     | Got a fine lapis lazuli ring
 13449 | D:11     | Noticed Erica
 13457 | D:11     | Killed Erica
 13854 | Orc:1    | Entered Level 1 of the Orcish Mines
 13855 | Orc:1    | Noticed an orc warlord
 13916 | Orc:1    | Killed an orc warlord
 14208 | Orc:1    | Reached skill level 10 in Armour
 14285 | Orc:1    | Reached ****** piety under Makhleb
 14287 | Orc:1    | Reached skill level 10 in Shields
 14462 | Orc:1    | Found Xadereop's Assorted Antiques.
 14475 | Orc:1    | Reached skill level 14 in Invocations
 14492 | Orc:1    | Bought a spiked chain mail for 313 gold pieces
 14502 | Orc:1    | Identified the +0 chain mail "Uplijooppi" {rC- rN+ MP+9}
                  | (You bought it in a shop on level 1 of the Orcish Mines)
 14656 | Orc:1    | Identified the ring "Erghairphau" {rN+ Int+4} (You found it
                  | on level 11 of the Dungeon)
 14689 | Orc:2    | Entered Level 2 of the Orcish Mines
 14695 | Orc:2    | Found a staircase to the Elven Halls.
 14716 | Orc:2    | Noticed a stone giant
 14730 | Orc:2    | Killed a stone giant
 14765 | Orc:2    | Noticed Sonja
 14933 | Orc:2    | Killed Sonja
 14950 | Orc:2    | Noticed Snorg
 14972 | Orc:2    | Killed Snorg
 15085 | Orc:2    | Gained mutation: You resist negative energy. (rN+) [Deep
                  | Dwarf growth]
 15085 | Orc:2    | Reached XP level 14. HP: 78/135 MP: 6/6
 15326 | Orc:2    | Found Gacineasky's Book Emporium.
 15430 | Orc:2    | Found Pakeang's Antique Armour Boutique.
 15491 | Orc:2    | Found Foeruw's Armour Boutique.
 15536 | Orc:2    | Found Tatamye's Magic Scroll Emporium.
 15558 | Orc:2    | Bought a scroll of fear for 49 gold pieces
 15558 | Orc:2    | Bought a scroll of magic mapping for 49 gold pieces
 15558 | Orc:2    | Bought a scroll of torment for 105 gold pieces
 15717 | Orc:2    | Found a roughly hewn altar of Beogh.
 16022 | Orc:2    | Bought an embroidered cloak for 195 gold pieces
 16265 | Shoals:1 | Entered Level 1 of the Shoals
 16300 | Shoals:1 | Found Rerghothrye's Island Escapes.
 16351 | Shoals:1 | Bought a potion of haste for 180 gold pieces
 16351 | Shoals:1 | Bought a potion of haste for 180 gold pieces
 16351 | Shoals:1 | Bought a potion of invisibility for 144 gold pieces
 16351 | Shoals:1 | Bought a scroll of fog for 36 gold pieces
 16527 | Shoals:3 | Reached skill level 15 in Invocations
 16533 | Shoals:3 | HP: 5/138 [water elemental (13)]
 16540 | Shoals:3 | HP: 4/138 [snapping turtle (10)]
 16551 | Shoals:3 | HP: 4/138 [snapping turtle (42)]
 16552 | Shoals:3 | HP: 1/138 [poisoned by a merfolk impaler]
 16694 | Shoals:4 | Entered Level 4 of the Shoals
 16694 | Shoals:4 | Found Tyuxeymm's Armour Shoppe.
 16959 | Shoals:4 | Noticed Roxanne
 16988 | Shoals:4 | Found Gugeduq's General Store.
 16997 | Shoals:4 | Killed from afar by Roxanne

Illustrated notes

Levels and vault maps discovered:
D:1:      mrwooster_arrival_statue_3, layout_basic
D:2:      layout_basic, gammafunk_temple_of_torment,
          nicolae_overflow_crystal_walls, kennysheep_generic_room_12
D:3:      layout_loops_corners, gammafunk_ghost_icy, hangedman_ru_absence
D:4:      layout_basic, kennysheep_little_box, minmay_temple_entry_proselytizer,
          uniq_blork_the_orc
D:5:      layout_layer_cave, first_ration
D:6:      layout_gridville, kennysheep_mini,
          chequers_temple_overflow_minitemple, lemuel_crystal_altar,
          lemuel_crystal_altar, basic_altar, roderic_lattice_a, st_stairs_1,
          minmay_crystal_water, tso_metal_star, uniq_grinder
D:7:      layout_gridville, grunt_ogre_cave, minmay_mini_ossuary
D:8:      layout_loops_cross, nicolae_overflow_hidden_temple,
          nicolae_qazlal_style_of_elements, lemuel_crystal_altar,
          gammafunk_ghost_ooze, makhleb_altar_promises_db
D:9:      layout_long_grid, vehumet_crystals, david_lair_shrubbed,
          ebering_ghost_gozag
D:10:     layout_roguey, david_orc_3, basic_altar, kennysheep_generic_room_9,
          uniq_maggie
D:11:     layout_stronghold, uniq_erica
D:12:     layout_rooms, gammafunk_ghost_wrathful_warriors,
          nicolae_gozag_cash_rules_everything_around_me
D:13:     wad_lake_hut, layout_loops_cross, gauntlet_entry_generic
Temple:   corrupted_temple
Lair:1:   layout_cave_pods, grunt_megastairs_3, lemuel_fruit_tree
Lair:2:   layout_layer_cave, wad_woods_road_01, lemuel_fruit_fields
Lair:3:   layout_cave_pods, dummy_snake_entry, serial_bayou_pond_e,
          grunt_forest_large_clearing_hut, uniq_nergalle
Lair:4:   layout_cave_pods, minmay_shoals_entry_hut, lemuel_fruit_fields
Shoals:1: layout_shoals, serial_shops, shop, nicolae_island_escapes, uniq_nikola
Shoals:2: layout_shoals, st_shoals_ruin
Shoals:3: layout_shoals
Shoals:4: shoals_end_grunt_ice, layout_shoals, ebering_ghost_gozag,
          serial_shops, shop, shop, uniq_roxanne, uniq_donald
Orc:1:    layout_caves, serial_shops, nicolae_shop_behind_doors, mines5_lemuel
Orc:2:    st_orc_town, layout_diamond_mine, uniq_snorg, uniq_sonja

Skill      XL: |  1  2  3  4  5  6  7  8  9 10 11 12 13 14 |
---------------+-------------------------------------------+-----
Fighting       | 3 4 5 6 7 8 9 10 11 12 | 12.4
Dodging        | 1 2 3 4 5 |  5.5
Axes           | 3 4 5 7 8 9 10 12 13 14 | 14.3
Armour         | 4 5 6 7 8 9 10 | 10.8
Shields        | 4 5 6 7 8 9 10 | 10.8
Invocations    | 4 6 9 11 12 14 15 | 15.4

Action                   |  1- 3 |  4- 6 |  7- 9 | 10-12 | 13-15 || total
-------------------------+-------+-------+-------+-------+-------++-------
Melee: War axe           |   114 |   159 |   514 |   730 |   980 ||  2497
       Kick              |       |       |    27 |   215 |   334 ||   576
Invok: Lesser Servant of |       |       |       |     2 |    14 ||    16
 Abil: Heal Wounds       |     1 |     2 |    26 |    39 |    58 ||   126
Evoke: Wand              |       |       |       |     4 |     7 ||    11
  Use: Scroll            |       |       |    14 |    16 |     3 ||    33
       Potion            |       |       |     1 |       |     6 ||     7
 Stab: Distracted        |       |       |       |       |     5 ||     5
       Invisible         |       |       |       |       |     2 ||     2
       Paralysed         |       |       |       |       |     2 ||     2
  Eat: Chunk             |     1 |       |    15 |    19 |    14 ||    49
       Ration            |     1 |       |     1 |     1 |     2 ||     5
Armor: Scale mail        |    52 |       |       |       |       ||    52
       Plate armour      |    10 |    86 |   291 |   369 |   423 ||  1179
Dodge: Dodged            |    41 |    24 |   117 |   139 |   186 ||   507
       Repelled          |       |     1 |     6 |     4 |    10 ||    21
Block: Kite shield       |    77 |    78 |   302 |    55 |       ||   512
       Reflection        |       |       |     2 |     5 |    55 ||    62
       Tower shield      |       |       |       |   696 |  1136 ||  1832
